 Dungeon Crawl Stone Soup version 0.24.0-1-gfbc8707122 (webtiles) character file.

Game seed: 12692118561743849016, levelgen mode: deterministic

8905 Gynju the Nimble (level 11, -5/56 HPs)
             Began as a Deep Elf Fire Elementalist on Oct 27, 2019.
             Was a Believer of Vehumet.
             Slain by a four-headed hydra (7 damage)
             ... on level 2 of the Lair of Beasts.
             The game lasted 00:38:03 (15893 turns).

Gynju the Nimble (Deep Elf Fire Elementalist)      Turns: 15893, Time: 00:38:03

Health: -5/56      AC:  9    Str:  5    XL:     11   Next: 16%
Magic:  20/27      EV: 18    Int: 33    God:    Vehumet [**....]
Gold:   545        SH:  0    Dex: 15    Spells: 13/30 levels left

rFire    + + .     SeeInvis .   b - +6 mace of Resumed Hostilities {vamp, rF++ Int+4}
rCold    . . .     Gourm    .   (no shield)
rNeg     . . .     Faith    .   H - +1 leather armour {MR+}
rPois    .         Spirit   .   (no helmet)
rElec    .         Reflect  .   m - scarf {repulsion}
rCorr    .         Harm     .   r - +1 pair of gloves
MR       ++...                  F - +0 pair of boots
Stlth    ++........             (no amulet)
HPRegen  0.18/turn              y - +2 ring of protection
MPRegen  0.20/turn              q - +5 ring of intelligence

@: repel missiles
A: no striking features
a: Renounce Religion


You were on level 2 of the Lair of Beasts.
You worshipped Vehumet.
Vehumet was pleased with you.
You were hungry.

You visited 3 branches of the dungeon, and saw 11 of its levels.

You collected 545 gold pieces.

Inventory:

Hand Weapons
 a - a +3 hunting sling of freezing
 b - the +6 mace of Resumed Hostilities (weapon) {vamp, rF++ Int+4}
   (You found it on level 5 of the Dungeon)

   It inflicts no extra harm, but heals its wielder when it wounds a living foe.
   It affects your intelligence (+4).
   It greatly protects you from fire.
 z - the +1 mace of Xom's Regard {drain, rC+}
   (You found it on level 5 of the Dungeon)

   A truly terrible weapon, it drains the life of those it strikes.
   It protects you from cold.
Missiles
 d - 187 stones (quivered)
 p - 49 sling bullets
Armour
 m - a scarf of repulsion (worn)
 r - a +1 pair of gloves (worn)
 A - a +1 cloak
 F - a +0 pair of boots (worn)
 H - a +1 leather armour of magic resistance (worn)
Magical Staves
 B - an uncursed staff of fire
 J - an uncursed staff of poison
Jewellery
 h - a +3 ring of dexterity
 q - a +5 ring of intelligence (right hand)
 y - a +2 ring of protection (left hand)
Wands
 s - a wand of iceblast (10)
 t - a wand of paralysis (17)
 u - a wand of clouds (7)
 v - a wand of digging (8)
 D - a wand of flame (21)
Scrolls
 e - 8 scrolls of teleportation
 k - a scroll of magic mapping
 I - a scroll of remove curse {@r2}
Potions
 i - 3 potions of berserk rage
 j - a potion of lignification
 l - a potion of flight
 n - a potion of brilliance
 x - 3 potions of heal wounds
 E - a potion of cancellation {unknown}
 K - a potion of curing {unknown}
Comestibles
 c - 17 rations
 f - a chunk of flesh


   Skills:
 + Level 1.4 Fighting
 + Level 11.3 Dodging
 - Level 2.4 Stealth
 - Level 10.0 Spellcasting
 + Level 8.2 Conjurations
 - Level 5.0 Summonings
 + Level 8.8 Fire Magic
 - Level 5.0 Air Magic


You had 13 spell levels left.
You knew the following spells:

 Your Spells              Type           Power        Failure   Level  Hunger
a - Flame Tongue          Conj/Fire      #####        1%          1    None
b - Conjure Flame         Conj/Fire      ######..     1%          3    None
c - Sticky Flame          Conj/Fire      ######..     1%          4    None
d - Summon Lightning Spi  Summ/Air       #####...     6%          4    None
e - Fireball              Conj/Fire      ######....   4%          5    ###....

Your spell library contained the following spells:

 Spells                   Type           Power        Failure   Level  Hunger
 Stone Arrow              Conj/Erth      #####.       2%          3    None
 Sting                    Conj/Pois      ####         1%          1    None
 Summon Small Mammal      Summ           ####         1%          1    None
 Call Imp                 Summ           #####...     1%          2    None
 Throw Flame              Conj/Fire      ######       1%          2    None
 Call Canine Familiar     Summ           #####...     1%          3    None
 Poisonous Vapours        Pois/Air       ####..       2%          2    None
 Inner Flame              Hex/Fire       #####...     2%          3    None
 Mephitic Cloud           Conj/Pois/Air  #####...     2%          3    None
 Animate Skeleton         Necr           N/A          4%          1    None
 Apportation              Tloc           ###...       4%          1    None
 Confusing Touch          Hex            ###...       4%          1    None
 Freeze                   Ice            ###.         4%          1    None
 Infusion                 Chrm           ###.         4%          1    None
 Pain                     Necr           ###.         4%          1    None
 Summon Guardian Golem    Hex/Summ       ####....     4%          3    None
 Song of Slaying          Chrm           ###.....     7%          2    None
 Regeneration             Chrm/Necr      ###.......   14%         3    None
 Vampiric Draining        Necr           ###.......   14%         3    None
 Summon Ice Beast         Ice/Summ       ####....     17%         4    None
 Venom Bolt               Conj/Pois      #####.....   24%         5    ###....
 Animate Dead             Necr           N/A          43%         4    None
 Olgreb's Toxic Radiance  Pois           ###.....     43%         4    None


Dungeon Overview and Level Annotations

Branches:
Dungeon (8/15)             Temple (1/1) D:4            Lair (2/6) D:8
  Swamp (0/4) Lair:2
  Snake: Lair:2-4    Spider: Lair:2-4

Altars:
Ashenzari
Cheibriados
Dithmenos
Elyvilon
Fedhas
Gozag
Hepliaklqana
Kikubaaqudgha
Makhleb
Nemelex Xobeh
Okawaru
Qazlal
Ru
Sif Muna
Trog
Uskayaw
Vehumet
Wu Jian
Xom
Yredelemnul
Zin
The Shining One
Beogh

Annotations:
D:5 3 runed translucent doors, hofbold's ghost, novice MfIE
D:7 2 runed translucent doors
D:8 exclusion: obsidian statue
Lair:1 exclusion: downstairs


Message History

You kill the electric eel!
Vehumet accepts your kill.
You feel your power returning.
You hear a splash.
The four-headed hydra bites you but does no damage.
The four-headed hydra bites you!
* * * LOW HITPOINT WARNING * * *
The four-headed hydra closely misses you.
The four-headed hydra misses you.
Casting: Flame Tongue (safe; 1% risk of failure)
Confirm with . or Enter, or press ? or * to list all spells.
Aiming: Flame Tongue (safe; 1% risk of failure)
Press: ? - help, Shift-Dir - straight line, f/p - four-headed hydra
Aim: a four-headed hydra (severely wounded)
The flame tongue hits the four-headed hydra.
The four-headed hydra is severely wounded.
The four-headed hydra completely misses you.
The four-headed hydra bites you but does no damage. x2
The four-headed hydra bites you!
You die...

≈ ≈P ≈P≈ P≈≈≈
.≈P≈†## #
.(.....#######.
.
......D@.......
.
...............
.
.#####.####..##
## ..# #


You could see a four-headed hydra.

Vanquished Creatures
  A two-headed ogre (D:8)
  2 spiny frogs (Lair:1)
  A komodo dragon (Lair:1)
  A hornet (D:7)
  2 blink frogs
  A spriggan (D:7)
  Eustachio (D:5)
  A wyvern (Lair:1)
  4 yaks
  4 water moccasins
  Duvessa (D:5)
  4 porcupines
  An ice beast (D:6)
  A hornet zombie (D:7)
  An orc warrior (D:7)
  2 sky beasts (D:8)
  A necrophage (D:7)
  2 ogres
  3 phantoms
  3 wolves
  6 centaurs
  8 bullfrogs
  Dowan (D:5)
  4 scorpions
  3 howler monkeys
  4 electric eels
  2 orc priests (D:7)
  Crazy Yiuf (D:5)
  7 hounds
  2 iguanas (D:4)
  8 orc wizards
  4 worker ants
  A hound skeleton (D:7)
  A howler monkey zombie (D:8)
  A howler monkey skeleton (D:6)
  4 gnolls (D:3)
  12 adders
  2 shadow imps
  2 oozes
  2 adder skeletons (D:6)
  3 worms
  4 dart slugs
  5 leopard geckos
  27 orcs
  5 giant cockroaches
  4 goblins
  12 hobgoblins
  5 jackals
  9 kobolds
  A quokka (D:3)
  2 ball pythons
  6 bats
  4 frilled lizards
  A leopard gecko zombie (D:5)
  A quokka zombie (D:7)
  11 rats
212 creatures vanquished.

Vanquished Creatures (collateral kills)
  A spiny frog (Lair:1)
  2 komodo dragons
  2 trolls (D:8)
  A blink frog (Lair:1)
  7 yaks
  A hungry ghost (D:8)
  A water moccasin (Lair:2)
  An ice beast (D:7)
  A centaur (D:7)
  A bullfrog (Lair:1)
  2 crimson imps (D:7)
  An adder (D:7)
21 creatures vanquished.

Vanquished Creatures (others)
  A fungus (Lair:2)
  A plant (Lair:2)
2 creatures vanquished.

Grand Total: 235 creatures vanquished

Notes
Turn   | Place    | Note
-------+----------+-------------------------------------------
     0 | D:1      | Gynju the Deep Elf Fire Elementalist began the quest for
                  | the Orb.
     0 | D:1      | Reached XP level 1. HP: 10/10 MP: 6/6
   393 | D:1      | Reached XP level 2. HP: 15/15 MP: 6/8
   850 | D:2      | Reached skill level 3 in Dodging
   945 | D:2      | Reached XP level 3. HP: 19/19 MP: 10/10
   950 | D:2      | Learned a level 3 spell: Conjure Flame
  1340 | D:2      | Noticed a bullfrog
  1347 | D:2      | Killed a bullfrog
  1347 | D:2      | Reached XP level 4. HP: 24/24 MP: 3/12
  1353 | D:2      | Learned a level 4 spell: Sticky Flame
  1695 | D:2      | Reached XP level 5. HP: 28/28 MP: 10/13
  1725 | D:2      | Found a glowing golden altar of the Shining One.
  1732 | D:2      | Found a shattered altar of Ashenzari.
  1774 | D:2      | Found an opulent altar of Gozag.
  1777 | D:2      | Found a shimmering blue altar of Sif Muna.
  1777 | D:2      | Found a bloodstained altar of Trog.
  2861 | D:2      | Reached skill level 4 in Dodging
  3094 | D:3      | Found a hide-covered altar of Uskayaw.
  3661 | D:3      | Reached XP level 6. HP: 32/32 MP: 13/15
  3926 | D:4      | Reached skill level 5 in Spellcasting
  4248 | D:4      | Found a staircase to the Ecumenical Temple.
  4268 | Temple   | Entered the Ecumenical Temple
  4321 | Temple   | Became a worshipper of Vehumet
  4626 | D:4      | Reached skill level 5 in Fire Magic
  4955 | D:4      | Reached skill level 5 in Dodging
  5105 | D:4      | Reached XP level 7. HP: 36/36 MP: 14/17
  5502 | D:5      | Entered Level 5 of the Dungeon
  5860 | D:5      | Found a blossoming altar of Fedhas.
  5999 | D:5      | Found a runed translucent gate.
  5999 | D:5      | Found a runed translucent gate.
  5999 | D:5      | Identified the +4 hunting sling of the Rat {flame, Str+4
                  | Dex+3}
  5999 | D:5      | Identified the +4 ring mail of Iniqopes {rN+}
  5999 | D:5      | Noticed hofbold's ghost (novice MfIE)
  6000 | D:5      | Found a runed translucent gate.
  6000 | D:5      | Found a roughly hewn altar of Beogh.
  6290 | D:5      | Noticed Dowan
  6386 | D:5      | Noticed Duvessa
  6397 | D:5      | Killed Duvessa
  6438 | D:5      | Killed Dowan
  7102 | D:5      | Got a brightly glowing mace
  7104 | D:5      | Found a runed translucent door.
  7105 | D:5      | Noticed Crazy Yiuf
  7112 | D:5      | Killed Crazy Yiuf
  7112 | D:5      | Reached skill level 5 in Conjurations
  7122 | D:5      | Got an encrusted mace
  7128 | D:5      | Identified the +6 mace of Resumed Hostilities {vamp, rF++
                  | Int+4} (You found it on level 5 of the Dungeon)
  7129 | D:5      | Identified the cursed +1 mace of Xom's Regard {drain, rC+}
                  | (You found it on level 5 of the Dungeon)
  7755 | D:6      | Noticed Eustachio
  7804 | D:6      | Reached skill level 6 in Dodging
  7804 | D:6      | Reached XP level 8. HP: 41/41 MP: 12/20
  8241 | D:6      | Found a shattered altar of Ashenzari.
  8383 | D:5      | Killed Eustachio
  8383 | D:5      | Reached skill level 7 in Dodging
  8835 | D:6      | Learned a level 4 spell: Summon Lightning Spire
  8934 | D:7      | Reached skill level 1 in Summonings
  8934 | D:7      | Reached skill level 1 in Air Magic
  9309 | D:7      | Reached XP level 9. HP: 45/45 MP: 11/22
  9395 | D:7      | Found a large runed translucent door.
  9395 | D:7      | Found a large runed translucent door.
  9442 | D:7      | HP: 2/45 [poisoned by a hornet]
  9450 | D:7      | HP: 2/45 [poisoned by a hornet]
  9813 | D:7      | Reached skill level 8 in Dodging
  9872 | D:7      | Found a large runed translucent door.
  9872 | D:7      | Found a large runed translucent door.
 10319 | D:7      | Reached * piety under Vehumet
 10319 | D:7      | Offered knowledge of Sting by Vehumet.
 11107 | D:7      | Found Onui's Jewellery Shoppe.
 11290 | D:7      | Identified Yhaluf Rilunk's Disquisition on Protection and
                  | Snow
 11449 | D:8      | Noticed an obsidian statue
 11450 | D:8      | Noticed a hellwing
 11450 | D:8      | Noticed an orange demon
 11499 | D:8      | Reached skill level 9 in Dodging
 11631 | D:8      | Found a burning altar of Makhleb.
 11643 | D:7      | Reached skill level 5 in Summonings
 11729 | D:8      | Noticed a two-headed ogre
 12342 | D:8      | Reached skill level 5 in Air Magic
 12735 | D:8      | Killed a two-headed ogre
 12735 | D:8      | Reached skill level 10 in Dodging
 12735 | D:8      | Reached XP level 10. HP: 25/50 MP: 16/24
 12953 | D:8      | Offered knowledge of Magic Dart by Vehumet.
 13195 | D:8      | Reached ** piety under Vehumet
 13367 | D:8      | Found a staircase to the Lair.
 13861 | Lair:1   | Entered Level 1 of the Lair of Beasts
 13897 | Lair:1   | Noticed a spiny frog
 13913 | Lair:1   | Killed a spiny frog
 14154 | Lair:1   | Noticed a spiny frog
 14162 | Lair:1   | Killed a spiny frog
 14641 | D:8      | Learned a level 5 spell: Fireball
 14651 | Lair:1   | Reached skill level 11 in Dodging
 15040 | Lair:1   | Noticed a spiny frog
 15046 | Lair:1   | Killed a spiny frog
 15046 | Lair:1   | Reached XP level 11. HP: 55/55 MP: 18/26
 15118 | Lair:1   | Offered knowledge of Stone Arrow by Vehumet.
 15724 | Lair:2   | Noticed a five-headed hydra
 15778 | Lair:2   | Found a staircase to the Swamp.
 15787 | Lair:2   | Reached skill level 1 in Fighting
 15787 | Lair:2   | Reached skill level 10 in Spellcasting
 15880 | Lair:2   | Noticed a four-headed hydra
 15892 | Lair:2   | HP: 1/56 [four-headed hydra (7)]
 15893 | Lair:2   | Slain by a four-headed hydra

Levels and vault maps discovered:
D:1:      lightli_arrival_flooded_house, layout_basic, minmay_tromino_v4_c
D:2:      kennysheep_six_static_rooms, layout_loops_corners,
          grunt_temple_overflow_open, first_ration, minmay_tripent
D:3:      layout_basic, nicolae_overflow_hidden_temple
D:4:      layout_basic, temple_green
D:5:      layout_basic, biasface_ghost_orc_armoury, hangedman_glass_teeth,
          wad_floor_pattern_2, fedhas_bush_and_centaur_altar,
          uniq_crazy_yiuf_cottage, uniq_duvessa
D:6:      layout_loops_ring, basic_altar, uniq_eustachio
D:7:      layout_basic, serial_shops, shop, the_bakery,
          minmay_hollow_rounded_squares
D:8:      minmay_statue_hallways, layout_basic, erik_lair_island, basic_altar
Temple:   nicolae_temple_elliptical
Lair:1:   layout_chaotic_city, grunt_megastairs_2
Lair:2:   layout_long_grid, swamp_mist, grunt_megastairs_4,
          serial_bayou_shore_a, uniq_nergalle

Skill      XL: |  1  2  3  4  5  6  7  8  9 10 11 |
---------------+----------------------------------+-----
Dodging        | 3 4 5 6 7 10 11 | 11.3
Conjurations   | 2 3 4 5 6 7 8 |  8.2
Spellcasting   | 4 5 6 7 8 9 10 | 10.0
Fire Magic     | 4 5 6 7 8 |  8.8
Summonings     | 2 5 |  5.0
Air Magic      | 1 5 |  5.0
Fighting       | 1 |  1.4
Stealth        | |  2.4

Action                   |  1- 3 |  4- 6 |  7- 9 | 10-12 || total
-------------------------+-------+-------+-------+-------++-------
Melee: War axe           |       |       |     5 |       ||     5
       Hunting sling     |       |       |     2 |       ||     2
       Mace              |       |       |    15 |     5 ||    20
 Fire: Hunting sling     |    24 |    85 |    11 |     7 ||   127
       Arbalest          |       |     1 |       |       ||     1
Throw: Stone             |     1 |       |    10 |    17 ||    28
 Cast: Flame Tongue      |    39 |   135 |   306 |   136 ||   616
       Conjure Flame     |     1 |     3 |     5 |     9 ||    18
       Sticky Flame      |       |     1 |     3 |       ||     4
       Summon Lightning  |       |       |    10 |    15 ||    25
  Use: Scroll            |       |     8 |    10 |     5 ||    23
  Eat: Chunk             |     1 |    10 |    15 |     9 ||    35
       Ration            |       |       |     3 |       ||     3
Armor: Robe              |     1 |    25 |    12 |       ||    38
       Leather armour    |       |       |    29 |    20 ||    49
Dodge: Dodged            |     8 |    86 |   156 |    59 ||   309
       Deflected         |       |       |    15 |     6 ||    21
